Map: Persephone LE

Players

KimChiLoVer - Winner!

  • Race: Terran Terran
  • League: Diamond
  • Spawn Location: 7:00

VOD

Have the link to the VOD?

Description

Time

  • Played on: Aug. 25, 2025, 8:15 p.m.
  • Length: 10:12
Show
View Real Time Build Order
Export as new Build Order

KimChiLoVer Terran - Winner!

Build Orders: Reaper Expand 

Get SALT Encoding   

  12  0:02  SCV  
  12  0:15  SCV  
  12  0:19  Supply Depot  
  12  0:27  SCV  
  12  0:41  SCV, Barracks  
  12  0:47  Refinery  
  12  0:53  SCV  
  12  1:05  SCV  
  12  1:17  SCV  
  12  1:29  Orbital Command  
  12  1:30  Reaper  
  12  1:43  Command Center  
  12  1:55  SCV  
  12  2:04  Marine  
  12  2:07  Supply Depot  
  12  2:10  Factory  
  12  2:11  SCV, Refinery  
  12  2:29  Barracks Reactor, Barracks  
  12  2:36  Barracks  
  12  2:37  SCV  
  12  2:49  SCV  
  12  2:55  Factory Tech Lab  
  12  2:57  Orbital Command  
  12  3:01  SCV  
  12  3:07  Marine x2  
  12  3:21  SCV  
  12  3:29  Command Center  
  12  3:33  SCV x2  
  12  3:37  Stimpack  
  12  3:45  Marine x3  
  12  3:51  Factory Reactor  
  12  3:53  Starport  
  12  3:54  SCV  
  12  3:55  SCV  
  12  4:05  Marine x3  
  12  4:06  SCV  
  12  4:07  Marine, SCV  
  12  4:14  Engineering Bay  
  12  4:18  Engineering Bay  
  12  4:21  SCV  
  12  4:22  SCV  
  12  4:23  Marine  
  12  4:33  SCV  
  12  4:40  SCV, Factory Tech Lab  
  12  4:42  Terran Infantry Weapons Level 1  
  12  4:45  SCV, Terran Infantry Armor Level 1  
  12  4:48  Orbital Command  
  12  4:49  Marine, Barracks  
  12  4:51  Medivac  
  12  4:53  Medivac  
  12  4:56  SCV  
  12  5:02  Barracks  
  12  5:06  Supply Depot  
  12  5:08  Barracks Tech Lab  
  12  5:13  Marine x3, Supply Depot  
  12  5:20  Siege Tank  
  12  5:25  Refinery  
  12  5:27  Marine  
  12  5:28  Combat Shield  
  12  5:31  Marine x3  
  12  5:34  Supply Depot  
  12  5:38  Barracks Reactor  
  12  5:39  Supply Depot  
  12  5:44  SCV  
  12  5:45  SCV  
  12  5:47  Orbital Command, Refinery  
  12  5:50  Supply Depot  
  12  5:58  SCV  
  12  6:07  SCV  
  12  6:11  SCV  
  12  6:15  Armory  
  12  6:16  Barracks Tech Lab  
  12  6:17  Marine x3  
  12  6:19  Widow Mine  
  12  6:20  SCV  
  12  6:23  SCV  
  12  6:24  Supply Depot  
  12  6:30  Marine, Marauder x2, Supply Depot  
  12  6:32  SCV, Viking  
  12  6:34  Medivac  
  12  6:35  Marine x3, SCV  
  12  6:37  SCV  
  12  6:40  Widow Mine  
  12  6:44  SCV  
  12  6:47  SCV  
  12  6:49  Marine x2, SCV  
  12  6:51  Marine  
  12  6:56  SCV, Supply Depot  
  12  6:59  SCV, Supply Depot  
  12  7:01  SCV  
  12  7:05  Barracks  
  12  7:08  Terran Infantry Weapons Level 2, Barracks  
  12  7:09  SCV, Terran Infantry Armor Level 2  
  12  7:10  Barracks  
  12  7:11  Terran Vehicle And Ship Armor Level 1  
  12  7:13  SCV  
  12  7:14  SCV  
  12  7:17  Refinery  
  12  7:21  SCV  
  12  7:26  SCV  
  12  7:27  Medivac x2  
  12  7:35  Siege Tank  
  12  7:36  Supply Depot  
  12  7:39  Supply Depot  
  12  7:42  Concussive Shells  
  12  7:43  Marine x2, Marauder x3  
  12  7:54  Refinery  
  12  7:59  Barracks Tech Lab  
  12  8:01  Barracks Tech Lab  
  12  8:02  Marine x5  
  12  8:04  Medivac, Marauder  
  12  8:06  SCV, Command Center  
  12  8:07  SCV x2  
  12  8:10  Supply Depot  
  12  8:14  Supply Depot  
  12  8:16  Siege Tank  
  12  8:24  Starport  
  12  8:27  Marauder  
  12  8:28  Barracks Reactor  
  12  8:29  Marauder  
  12  8:30  Marine, Marauder  
  12  8:32  SCV, Supply Depot  
  12  8:35  SCV x2  
  12  8:36  Supply Depot  
  12  8:49  Marine x4, Marauder x3  
  12  8:50  Marine  
  12  8:51  Marine, Medivac x2  
  12  8:54  Siege Tank  
  12  9:01  Starport Reactor  
  12  9:05  SCV  
  12  9:07  Marine  
  12  9:12  Supply Depot  
  12  9:19  Supply Depot  
  12  9:21  Viking x2  
  12  9:30  Orbital Command  
  12  9:41  SCV  
  12  9:42  SCV x2  
  12  9:46  Marine x5  
  12  9:47  Marine x2  
  12  9:54  SCV x3  
  12  10:07  Refinery  
  12  10:08  Refinery  
Tags
 
Add a new tag
Caveats
  • Supply blocks, unpowered buildings, or Contaminate may cause inaccurate times.
  • Supply counts are checked every 10 seconds.